 Dungeon Crawl Stone Soup version 0.30.0-10-gfe55d96785 (webtiles) character file.

Game seed: 12348161368439360391

1360 GigaChad the Chopper (level 8, 0/63 HPs)
             Began as a Formicid Fighter on May 14, 2023.
             Was an Initiate of Gozag.
             Slain by an ogre
             ... wielding a +0 giant spiked club
              (13 damage)
             ... on level 6 of the Dungeon.
             The game lasted 00:10:44 (6021 turns).

GigaChad the Chopper (Formicid Fighter)             Turns: 6021, Time: 00:10:44

Health: 0/63       AC: 11    Str: 23    XL:     8   Next: 96%
Magic:  8/8        EV:  8    Int:  8    God:    Gozag
Gold:   371        SH:  5    Dex: 13    Spells: 7/7 levels left

rFire   . . .        a - +0 war axe (flame)
rCold   . . .        c - +0 buckler
rNeg    . . .        t - +0 chain mail
rPois   .            (helmet unavailable)
rElec   .            n - +0 cloak
rCorr   .            (no gloves)
SInv    +            (no boots)
Will    .....        (no amulet) Stlth
                     (no ring)
HPRegen 0.30/turn    (no ring)
MPRegen 0.11/turn

%: no passive effects
@: gold aura
A: permanent stasis, dig shafts and tunnels, antennae 3, four strong arms
a: Dig, Shaft Self, Renounce Religion, Potion Petition, Call Merchant, Bribe
Branch


You were on level 6 of the Dungeon.
You worshipped Gozag.
Gozag was aware of your devotion.
You visited 2 branches of the dungeon, and saw 7 of its levels.

You collected 423 gold pieces.
You paid 52 gold pieces to Gozag.

Inventory:

Hand Weapons
 a - a +0 war axe of flaming (weapon)
Armour
 b - a +0 scale mail
 c - a +0 buckler (worn)
 n - a +0 cloak (worn)
 t - a +0 chain mail (worn)
Scrolls
 f - a scroll of immolation
 g - a scroll of enchant armour {unknown}
 j - a scroll of butterflies
 p - 2 scrolls of fog
 s - 2 scrolls of amnesia
 u - a scroll of blinking
 w - a scroll of fear
Potions
 d - 2 potions of might
 e - 2 potions of berserk rage {unknown}
 h - 2 potions of curing
 i - 3 potions of heal wounds
 k - 2 potions of brilliance
 l - 2 potions of mutation {unknown}
 m - 2 potions of cancellation {unknown}
 o - a potion of lignification {unknown}
 q - a potion of flight {unknown}
 r - a potion of degeneration {unknown}
 v - a potion of attraction {unknown}


   Skills:
 * Level 5.5 Fighting
 * Level 7.5 Axes
 * Level 6.3 Armour
 + Level 0.2 Stealth
 * Level 6.1 Shields


You had 7 spell levels left.
You didn't know any spells.
Your spell library contained the following spells:

 Spells                   Type           Power      Damage    Failure   Level
 Necrotise                Necr           0%         1d4       95%         1
 Cigotuvi's Dreadful Rot  Necr/Pois/Air  0%         N/A       99%         2
 Ignite Poison            Fire/Tmut/Pois 0%         N/A       100%        3
 Vampiric Draining        Necr           0%         2d6       100%        3
 Agony                    Necr           0%         N/A       100%        5
 Freezing Cloud           Conj/Ice/Air   0%         6-21      100%        5


Dungeon Overview and Level Annotations

Branches:
Dungeon (6/15)             Temple (1/1) D:5

Altars:
Ashenzari
Dithmenos
Elyvilon
Fedhas
Gozag
Hepliaklqana
Kikubaaqudgha
Makhleb
Nemelex Xobeh
Okawaru
Qazlal
Ru
Sif Muna
Trog
Uskayaw
Vehumet
Wu Jian
Xom
Yredelemnul
Zin
The Shining One


Innate Abilities, Weirdness & Mutations

You cannot be hasted, slowed, berserked, paralysed or teleported.
You can dig through walls and to a lower floor.
You have a pair of large antennae on your head. (SInv)
Your four strong arms can wield two-handed weapons with a shield.


Message History

The black bear barely misses you. You block the black bear's attack.
The orc hits you but does no damage.
You closely miss the orc.
The orc is heavily wounded.
You slash the ogre! You burn the ogre. You hit the black bear.
You burn the black bear.
The ogre hits you with a +0 giant spiked club!!
* * * LOW HITPOINT WARNING * * *
You block the black bear's attack.
The black bear claws you but does no damage.
You block the black bear's attack. The orc hits you but does no damage.
You are too injured to fight recklessly!
Unknown command.
You are too injured to fight recklessly!
Unknown command.
You are too injured to fight recklessly!
Unknown command.
Unknown command.
You are too injured to fight recklessly!
You feel much better. The black bear bites you.
The black bear barely misses you.
The black bear claws you but does no damage.
The ogre hits you with a +0 giant spiked club!
* * * LOW HITPOINT WARNING * * *
The orc is distracted by your dazzling golden aura.
The orc shouts!
You closely miss the ogre.
The ogre is severely wounded.
You closely miss the black bear. You hit the orc. You burn the orc.
You kill the orc!
The black bear bites you.
* * * LOW HITPOINT WARNING * * *
The black bear claws you but does no damage.
The black bear barely misses you.
You barely miss the ogre.
The ogre is severely wounded.
You hit the black bear. You burn the black bear.
The ogre hits you with a +0 giant spiked club!
You die...
Your body crumbles into a pile of gold.

###################
..................######
......##########........
......# #..............
###)### #.###..###.###.
###)# #.#..#.....#
..#.######.#....#O....#.
..#........#.#..@h.>....
.....####..#....#$....#.
..##.# ####.#.....# .##
.# ..###.### .# .. ....
... .# ### ##... ### .#
###### #### ######....#
..........#


You could see a black bear and an ogre.

Vanquished Creatures
  An ice beast (D:5)
  An orc warrior (D:6)
  An ogre (D:5)
  3 phantoms (D:5)
  A centaur (D:5)
  3 scorpions
  3 hounds
  2 jellies
  2 orc priests
  2 sleepcaps
  An iguana (D:5)
  3 orc wizards
  13 adders
  2 worms
  4 dart slugs
  20 orcs
  5 ball pythons
  7 bats
  9 endoplasms
  5 giant cockroaches
  10 goblins
  9 hobgoblins
  8 kobolds
  2 quokkas
  6 frilled lizards
  7 rats
130 creatures vanquished.

Notes
Turn   | Place    | Note
-------+----------+-------------------------------------------
     0 | D:1      | GigaChad the Formicid Fighter began the quest for the Orb.
     0 | D:1      | Reached XP level 1. HP: 18/18 MP: 1/1
    52 | D:1      | Reached XP level 2. HP: 22/24 MP: 2/2
   237 | D:1      | Reached XP level 3. HP: 29/29 MP: 3/3
   640 | D:2      | Noticed a scorpion
   651 | D:2      | Killed a scorpion
   652 | D:2      | Reached skill level 3 in Axes
   652 | D:2      | Reached XP level 4. HP: 37/37 MP: 4/4
   700 | D:2      | Reached XP level 5. HP: 38/42 MP: 5/5
  1912 | D:3      | Found an ornate altar of the Wu Jian Council.
  2188 | D:3      | Reached skill level 4 in Axes
  2380 | D:3      | Found a shimmering blue altar of Sif Muna.
  2412 | D:3      | Reached XP level 6. HP: 48/48 MP: 6/6
  3122 | D:4      | Reached skill level 5 in Shields
  3764 | D:5      | Entered Level 5 of the Dungeon
  3769 | D:5      | Found a stormy altar of Qazlal.
  3924 | D:5      | Found an opulent altar of Gozag.
  3924 | D:5      | Found a hide-covered altar of Uskayaw.
  3924 | D:5      | Found an iron altar of Okawaru.
  3936 | D:5      | Noticed an ogre
  3937 | D:5      | Found a staircase to the Ecumenical Temple.
  3948 | D:5      | Killed an ogre
  3949 | D:5      | Reached skill level 5 in Axes
  3949 | D:5      | Reached XP level 7. HP: 17/55 MP: 7/7
  4106 | Temple   | Entered the Ecumenical Temple
  4316 | D:5      | Became a worshipper of Gozag Ym Sagoz the Greedy
  4480 | D:5      | Reached skill level 5 in Armour
  5014 | D:5      | Reached skill level 6 in Axes
  5014 | D:5      | Reached XP level 8. HP: 59/61 MP: 8/8
  5093 | D:5      | Reached skill level 5 in Fighting
  5522 | D:6      | HP: 2/62 [scorpion (5)]
  5529 | D:6      | Reached skill level 7 in Axes
  6021 | D:6      | Slain by an ogre

Illustrated notes

Levels and vault maps discovered:
D:1:      kennysheep_arrival_seaside, layout_rooms
D:2:      layout_basic
D:3:      layout_loops_ring, mainiacjoe_overflow_tiny_flanked,
          mainiacjoe_overflow_alcove_4
D:4:      layout_loops_ring, serial_glass, glass_columns_a, glass_columns_a
D:5:      minmay_chambers_of_fours, layout_loops_ring,
          chequers_temple_overflow_statue_of_worship,
          minmay_temple_entry_slanted
D:6:      layout_basic, nrook_mini_vaults, dreamdust_princess_corridor,
          st_stairs_3, minmay_misc_feat_nine_boxes, nicolae_take_the_stairs,
          minmay_misc_feat_roman
Temple:   nicolae_temple_superstar

Skill      XL: |  1  2  3  4  5  6  7  8 |
---------------+-------------------------+-----
Fighting       | 4 5 |  5.5
Axes           | 3 4 5 6 7 |  7.5
Armour         | 4 5 6 |  6.3
Shields        | 5 6 |  6.1
Stealth        | |  0.2

Action                     |  1- 3 |  4- 6 |  7- 9 || total
---------------------------+-------+-------+-------++-------
  Melee: War axe           |    71 |   210 |   188 ||   469
    Use: Scroll            |       |     6 |     7 ||    13
         Potion            |       |       |     2 ||     2
   Stab: Distracted        |       |       |     1 ||     1
 Armour: Scale mail        |    45 |    86 |    60 ||   191
         Chain mail        |       |       |    19 ||    19
  Dodge: Dodged            |    32 |   102 |    81 ||   215
  Block: Buckler           |    19 |    45 |    57 ||   121
